 Dungeon Crawl Stone Soup version 0.21-a0-184-g9126a74 (webtiles) character file.

147 seren the Poker (level 5, 0/36 HPs)
             Began as a Merfolk Skald on Aug 11, 2017.
             Was an Initiate of Hepliaklqana.
             Killed from afar by Natasha (13 damage)
             ... with a wand of flame (?/48)
             ... on level 2 of the Dungeon.
             The game lasted 00:11:06 (3233 turns).

seren the Poker (Merfolk Skald)                     Turns: 3233, Time: 00:11:07

Health: 0/36       AC:  3    Str: 13    XL:     5   Next: 29%
Magic:  8/8        EV: 13    Int: 12    God:    Hepliaklqana [......]
Gold:   106        SH:  0    Dex: 13    Spells: 7/8 levels left

rFire    . . .     SeeInvis .   a - +0 spear (curse)
rCold    . . .     Gourm    .   (no shield)
rNeg     . . .     Faith    .   b - +0 leather armour
rPois    .         Spirit   .   (no helmet)
rElec    .         Reflect  .   (no cloak)
rCorr    .         Harm     .   (no gloves)
MR       .....                  (no boots)
Stlth    +.........             (no amulet)
HPRegen  0.12/turn              (no ring)
MPRegen  0.11/turn              (no ring)

@: no status effects
A: change form in water, swift swim, stealthy swim, reduced essence
a: Recall Ancestor, Ancestor Identity, Renounce Religion


You were on level 2 of the Dungeon.
You worshipped Hepliaklqana.
Hepliaklqana was noncommittal.
You were not hungry.

You visited 1 branch of the dungeon, and saw 3 of its levels.

You collected 106 gold pieces.

Inventory:

Hand Weapons
 a - a cursed +0 spear (weapon)
Missiles
 k - 2 throwing nets (quivered) {!f}
 s - 2 javelins
Armour
 b - a +0 leather armour (worn)
Scrolls
 m - 3 scrolls of teleportation {unknown}
 n - 2 scrolls of noise {unknown}
 o - a scroll of identify {unknown}
 p - a scroll of random uselessness {unknown}
 q - a scroll of remove curse {unknown}
 t - a scroll of fog {unknown}
Potions
 e - 2 potions of curing {unknown}
 h - 3 potions of heal wounds {unknown}
 i - a potion of might {unknown}
 j - 2 potions of brilliance {unknown}
 r - a potion of magic {unknown}
Books
 c - a book of Battle

   Spells                             Type                      Level
   a - Infusion                       Charms                       1
   b - Shroud of Golubria             Charms/Translocation         2
   c - Song of Slaying                Charms                       2
   d - Spectral Weapon                Hexes/Charms                 3
   e - Regeneration                   Charms/Necromancy            3
Comestibles
 d - 2 bread rations
 f - 4 royal jellies
 g - 5 chunks of flesh
 l - 2 fruits


   Skills:
 + Level 3.6 Fighting
 * Level 5.5 Polearms
 - Level 0.6 Armour
 + Level 4.1 Dodging
 - Level 2.0 Spellcasting
 - Level 3.3 Charms


You had 7 spell levels left.
You knew the following spells:

 Your Spells              Type           Power        Failure   Level  Hunger
a - Infusion              Chrm           #...         9%          1    ##.....


Dungeon Overview and Level Annotations

Branches:
Dungeon (3/15)

Altars:
Elyvilon
Hepliaklqana

Annotations:
D:2 exclusion: downstairs, Natasha
D:3 1 runed door, Sigmund; p0werm0de's ghost, amateur TeWz


Message History

You begin infusing your attacks with magical energy.
The crimson imp disappears in a puff of smoke!
Natasha casts a spell.
You barely miss Natasha.
Natasha is almost dead.
You hit Natasha!
You kill Natasha!
Natasha yowls pathetically as she dies!
The crimson imp disappears in a puff of smoke! x2
Your magical infusion is running out.
You see here a worm corpse.
You butcher the worm corpse.
g - 5 chunks of flesh (gained 3)
You are no longer magically infusing your attacks.
Natasha, Servant of Life and Death comes into view.
Natasha claws you.
* * * LOW HITPOINT WARNING * * *
Natasha drinks a potion.
Natasha seems to speed up.
Natasha zaps a wand.
The puff of flame hits you!
You die...

##....#.### #..##.
###.......#### #.<.#.
##....##.#....# ##..h.
#####..##.##.####.## #.#.5
#.....###.##.# #..# #.#..
##.##### #.##.#####.#####.#..
#..# #.##.#.............. #.##
#..h...####..###..## #####.#
###@.### ##.##...##
......########.....######.##..##
..............[........##>#####
..................####..#.#
..................# ##...##
......<.#######)..## ##...#
......).# ###..## #.#.####
........# #...# #......###
.......## #R#.#####...#....


You could see Natasha.

Vanquished Creatures
  Natasha (twice) (D:2)
  An adder (D:3)
  An ooze (D:3)
  4 worms
  A dart slug (D:2)
  3 leopard geckos
  3 orcs (D:3)
  6 bats
  6 giant cockroaches
  4 goblins
  8 hobgoblins
  7 jackals
  5 kobolds
  A quokka (D:3)
  4 frilled lizards
  3 rats
59 creatures vanquished.

Vanquished Creatures (collateral kills)
  A hobgoblin (D:3)
1 creature vanquished.

Vanquished Creatures (others)
  An ancestor (D:2)
1 creature vanquished.

Grand Total: 61 creatures vanquished

Notes
Turn   | Place    | Note
-------+----------+-------------------------------------------
     0 | D:1      | seren the Merfolk Skald began the quest for the Orb.
     0 | D:1      | Reached XP level 1. HP: 16/16 MP: 3/3
   123 | D:1      | Reached XP level 2. HP: 8/23 MP: 5/5
   754 | D:1      | Reached skill level 4 in Polearms
  1068 | D:1      | Reached XP level 3. HP: 23/28 MP: 6/6
  1592 | D:2      | Noticed Natasha
  1980 | D:3      | Noticed Sigmund
  2048 | D:3      | Reached XP level 4. HP: 31/35 MP: 1/7
  2536 | D:3      | Noticed p0werm0de's ghost (amateur TeWz)
  2647 | D:3      | Found a hazy altar of Hepliaklqana.
  2862 | D:3      | Became a worshipper of Hepliaklqana the Forgotten
  3010 | D:3      | Reached skill level 5 in Polearms
  3022 | D:3      | Found a white marble altar of Elyvilon.
  3022 | D:3      | Noticed an angel
  3023 | D:3      | Found a runed door.
  3169 | D:2      | Killed Natasha
  3169 | D:2      | Reached XP level 5. HP: 29/36 MP: 8/8
  3182 | D:2      | Noticed Natasha
  3207 | D:2      | Killed Natasha
  3231 | D:2      | Noticed Natasha
  3233 | D:2      | Killed from afar by Natasha

Vault maps used:
D:1:      saegor_arrival_simple_c, st_stairs_10, kennysheep_doodads,
          minmay_stone_trees_small, grunt_decor_mini_mirrors
D:2:      uniq_natasha
D:3:      nicolae_overflow_crystal_walls, lemuel_angel_altar, uniq_sigmund

Skill      XL: |  1  2  3  4 |
---------------+-------------+-----
Dodging        | 3 4 |  4.1
Polearms       | 4 5 |  5.5
Fighting       | 3 |  3.6
Armour         | |  0.6
Spellcasting   | |  2.0
Charms         | |  3.3

Action                   |  1- 3 |  4- 6 || total
-------------------------+-------+-------++-------
Melee: Spear             |   200 |   113 ||   313
 Cast: Infusion          |     2 |     4 ||     6
Invok: Recall Ancestor   |       |     2 ||     2
       Ancestor Identity |       |     1 ||     1
 Stab: Sleeping          |     1 |     1 ||     2
       Distracted        |       |     1 ||     1
  Eat: Chunk             |     4 |     4 ||     8
Armor: Leather armour    |    38 |    26 ||    64
Dodge: Dodged            |   119 |    54 ||   173
